Cogmind - Beta 15 @@@ ROGUE MODE // 2025.05.06 @ 15:56:26 Player: jumpy Result: Self-destructed Performance ------------- Evolutions (2) 1000 Regions Visited (4) 800 Robots Destroyed (18) 90 Value Destroyed (394) 394 Prototype IDs (2) 40 Alien Tech Used (0) 0 Bonus (-32) -32 TOTAL SCORE: 2292 Bonus ------- Friendly Fire -32 Cogmind --------- Core Integrity 339/550 Matter 300/300 Energy 100/100 System Corruption 0% Temperature Cool (0) Movement Core (200) Ox3 Location -8/Materials Parts ------- > --- POWER (1) -------- (None) > --- PROPULSION (3) --- (None) > --- UTILITY (5) ------ Medium Storage Unit Terrain Scan Processor Hacking Suite Hacking Suite > --- WEAPON (2) ------- (None) > --- INVENTORY (10) --- Cooled Ion Engine Cooled Ion Engine Aluminum Leg Seismic Detector Light Assault Rifle Peak State ------------ > --- POWER ------------ Cooled Ion Engine > --- PROPULSION ------- Wheel Wheel Compact Wheel > --- UTILITY ---------- Medium Storage Unit Light Armor Plating Hacking Suite Hacking Suite > --- WEAPON ----------- Improved EM Shotgun Light Assault Rifle > --- INVENTORY -------- Cooled Ion Engine Cooled Ion Engine Aluminum Leg Seismic Detector Light Assault Rifle [Rating: 18] Favorites ----------- Power Ion Engine Engine Ion Engine Propulsion Aluminum Leg Treads Light Treads Leg Aluminum Leg Wheel Wheel Utility Medium Storage Unit Device Seismic Detector Storage Medium Storage Unit Processor Terrain Scan Processor Hackware Hacking Suite Protection Light Armor Plating Weapon Assault Rifle Energy Gun Improved EM Shotgun Ballistic Gun Assault Rifle Build | -11 -10 -10 -9 -8 ------- Run | Yrd Mat Min Mat Mat Slots Evolved 4 | . . . 2 2 Power . | . . . . . Propulsion 1 | . . . . 1 Utility 3 | . . . 2 1 Weapon . | . . . . . Parts Attached 23 | 10 2 . 6 5 Power 2 | 1 . . 1 . Engine 2 | 1 . . 1 . Core . | . . . . . Reactor . | . . . . . Propulsion 7 | 4 . . 2 1 Treads 2 | 2 . . . . Leg 2 | 2 . . . . Wheel 3 | . . . 2 1 Hover . | . . . . . Flight . | . . . . . Utility 8 | 2 1 . 1 4 Device 1 | 1 . . . . Storage 3 | 1 1 . . 1 Processor 1 | . . . . 1 Hackware 2 | . . . . 2 Protection 1 | . . . 1 . Artifact . | . . . . . Weapon 6 | 3 1 . 2 . Energy Gun 1 | . . . 1 . Energy Cannon . | . . . . . Ballistic Gun 5 | 3 1 . 1 . Ballistic Cannon . | . . . . . Launcher . | . . . . . Special Weapon . | . . . . . Impact Weapon . | . . . . . Slashing Weapon . | . . . . . Piercing Weapon . | . . . . . Special Melee Weapon . | . . . . . Unidentified Prototypes 2 | . . . 2 . Parts Lost 13 | . . . 6 7 Power 2 | . . . 1 1 Propulsion 5 | . . . 2 3 Utility 2 | . . . 1 1 Weapon 4 | . . . 2 2 Highest Loss Streak 7 | . . . 6 7 To Critical Strikes . | . . . . . Average Backups 6 | 3 5 7 7 5 Power 1 | . 1 1 1 2 Propulsion 2 | 1 2 3 2 1 Utility 1 | . 1 1 1 1 Weapon 1 | . 1 2 2 1 Tool/Special . | . . . . . Unused Backups 5 | . . . 1 4 Power 3 | . . . 1 2 Propulsion 1 | . . . . 1 Utility 1 | . . . . 1 Weapon . | . . . . . Tool/Special . | . . . . . Average Slot Usage (%) 79 | . 100 100 67 73 Engine 10 | . 14 14 9 8 Leg 16 | . 28 28 15 . Wheel 6 | . . . 3 21 Device 8 | . 14 14 7 . Storage 11 | . 14 14 11 9 Hackware 2 | . . . . 10 Protection 1 | . . . . 7 Ballistic Gun 21 | . 28 28 20 13 Peak Build Rating 18 | 7 7 7 10 18 Average Rating 7 | 5 7 7 7 13 On Entrance 6 | . 7 7 7 10 Naked Turns . | . . . . . Heaviest Build 25 | 14 20 20 23 25 Greatest Support 40 | 40 20 20 26 36 Greatest Overweight (x) 6 | . . . 3 6 Average Overweight (x) . | . . . . . Largest Inventory Capacity 10 | 8 10 10 10 10 Average Capacity 9 | 6 8 10 10 10 Most Carried 9 | 5 7 7 9 5 Average Carried 6 | 3 5 7 7 5 Final Capacity 10 | 8 10 10 10 10 Final Carried 7 | 5 7 7 5 5 Class Distribution -------------------- 91% | Mutant 8% | Hacker-Mutant Dominant Class ---------------- Mutant | -10/Materials Mutant | -10/Mines Mutant | -9/Materials Mutant | -8/Materials Resources | -11 -10 -10 -9 -8 ----------- Run | Yrd Mat Min Mat Mat Matter Collected 652 | 336 12 13 198 93 Remotely . | . . . . . Salvage Created 623 | 100 42 . 258 223 Parts 41 | 13 1 . 19 8 Haulers Intercepted 1 | . 1 . . . Recyclers Shooed 3 | 1 . . 2 . Parts Field Recycled . | . . . . . Retrieved Matter . | . . . . . Parts Self-Destructed . | . . . . . Prevented . | . . . . . Kills | -11 -10 -10 -9 -8 ------- Run | Yrd Mat Min Mat Mat Combat Hostiles Destroyed 12 | . . . 8 4 Guns 11 | . . . 8 3 AOE 1 | . . . . 1 Classes Destroyed 8 | 2 1 . 4 1 Tunneler 3 | 3 . . . . Hauler 1 | . 1 . . . Recycler 1 | 1 . . . . Watcher 1 | . . . 1 . Swarmer 5 | . . . 5 . Grunt 3 | . . . 1 2 Brawler 1 | . . . . 1 Sentry 3 | . . . 2 1 Best Kill Streak 4 | 3 1 . 2 4 Combat Bots Only 4 | . . . 2 4 Max Kills in Single Turn 2 | 1 1 . 2 1 Gunslinging 1 | . . . 1 . Exploded 1 | . . . . 1 Melee . | . . . . . Uniques/NPCs Destroyed . | . . . . . Combat | -11 -10 -10 -9 -8 -------- Run | Yrd Mat Min Mat Mat Hostile Shots Fired 190 | . . 6 117 67 Missed 46 | . . 2 25 19 Hits 144 | . . 4 92 48 Projectile 144 | . . 4 92 48 Critical Strikes 2 | . . . . 2 Damage Taken 1862 | . . 32 1057 773 Core 574 | . . 6 357 211 Absorbed by Shields . | . . . . . Core Remaining (%) 69 | 100 . 97 10 . Volleys Fired 73 | 9 3 1 44 16 Largest 2 | 2 2 2 2 2 Hottest 65 | 40 40 40 40 65 Shots Fired 129 | 18 6 2 76 27 Gun 129 | 18 6 2 76 27 Cannon . | . . . . . Launcher . | . . . . . Special . | . . . . . Kinetic 118 | 18 6 2 76 16 Thermal . | . . . . . Explosive . | . . . . . Electromagnetic 11 | . . . . 11 Robot Hit Streak 12 | 8 5 . 9 12 Robot Miss Streak 4 | 1 1 2 4 2 Penetration Max . | . . . . . Secondary Targets 5 | . . . 2 3 Max Gunslinging Chain 1 | . . . 1 1 Shots Hit Robots 79 | 11 5 . 40 23 Core Hits 39 | 5 2 . 17 15 Critical Kills . | . . . . . Critical Parts Destroyed 1 | . . . 1 . Critical Strikes 1 | . . . 1 . Destroy 1 | . . . 1 . Melee Attacks . | . . . . . Impact . | . . . . . Slashing . | . . . . . Piercing . | . . . . . Sneak Attacks . | . . . . . Combat Hostiles . | . . . . . Follow-up Attacks . | . . . . . Damage Inflicted 1023 | 119 47 . 527 330 Guns 925 | 119 47 . 508 251 Cannons . | . . . . . Explosions 78 | . . . . 78 Melee . | . . . . . Ramming 20 | . . . 19 1 Kinetic 768 | 119 47 . 508 94 Thermal 78 | . . . . 78 Explosive . | . . . . . Electromagnetic 157 | . . . . 157 Impact . | . . . . . Slashing . | . . . . . Piercing . | . . . . . Highest Corruption . | . . . . . Average Corruption . | . . . . . Corruption Purged . | . . . . . Corruption Blocked . | . . . . . Overload Shots . | . . . . . Overflow Damage . | . . . . . Projectiles . | . . . . . Explosions . | . . . . . Melee . | . . . . . Knockbacks . | . . . . . Impact . | . . . . . Kinetic . | . . . . . Secondary . | . . . . . Self-Inflicted Damage 45 | . . . . 45 Shots 1 | . . . . 1 Rammed 5 | . . . 4 1 Targets Rammed 9 | . . . 8 1 Kicked 4 | . . . 4 . Crushed . | . . . . . Highest Temperature 75 | . . . 5 75 Average Temperature 24 | . . . 3 25 Received Heat Transfer 615 | . . . 228 387 Siege Activations . | . . . . . Martial Activations . | . . . . . Shielding Activations . | . . . . . Robots Disrupted . | . . . . . Combat Hostiles . | . . . . . Robots Corrupted . | . . . . . Combat Hostiles . | . . . . . Parts Fried . | . . . . . Impact Corruptions . | . . . . . Robots Melted . | . . . . . Combat Hostiles . | . . . . . Parts Melted . | . . . . . Heat Transferred 100 | . . . . 100 Parts Sabotaged . | . . . . . Parts Stolen . | . . . . . Parts Stripped . | . . . . . Power Chain Reactions 1 | . . . . 1 Alert | -11 -10 -10 -9 -8 ------- Run | Yrd Mat Min Mat Mat Maximum Alert Level . | . . . . . Low Security (%) 100 | 100 100 100 100 100 Level 1 . | . . . . . Level 2 . | . . . . . Level 3 . | . . . . . Level 4 . | . . . . . Level 5 . | . . . . . High Security . | . . . . . Max Security . | . . . . . Peak Influence 93 | 10 7 . 85 93 Initial 24 | . . . . 24 Average 18 | 1 . . 33 27 Influence Increases 435 | 20 13 . 269 133 Destroy 0b10 Robot/C 240 | . . . 160 80 Destroy 0b10 Robot/NC 30 | 20 5 . 5 . Destroy Leader 64 | . 2 . 42 20 Successful Hack 6 | . 6 . . . Destroy Structure 5 | . . . 2 3 Lose Combat Pursuer 90 | . . . 60 30 Influence Decreases 422 | 20 13 . 212 177 Entered New Map 33 | . . . . 33 Time Decay 269 | 20 13 . 162 74 Lost Part 120 | . . . 50 70 Squads Dispatched 2 | . . . . 2 Investigation . | . . . . . Extermination . | . . . . . Reinforcement 1 | . . . . 1 Assault . | . . . . . Garrison 1 | . . . . 1 Intercept . | . . . . . Searches Triggered . | . . . . . Construction Impeded 1 | . . . . 1 Haulers Reinforced . | . . . . . Active Scanning Responses . | . . . . . Cargo Convoy Interrupts . | . . . . . Stealth | -11 -10 -10 -9 -8 --------- Run | Yrd Mat Min Mat Mat Distress Signals 1 | . . . 1 . Communications Jammed . | . . . . . Distress Signals . | . . . . . Times Spotted 35 | . 2 3 18 12 Peak Tracking Total 8 | . 2 3 8 7 Tactical Retreats 4 | . . . 3 1 Traps | -11 -10 -10 -9 -8 ------- Run | Yrd Mat Min Mat Mat Traps Triggered . | . . . . . Indirectly . | . . . . . Trap Hack Attempts . | . . . . . Triggered . | . . . . . Disarmed . | . . . . . Reprogrammed . | . . . . . Reused . | . . . . . Traps Extracted . | . . . . . Installed . | . . . . . Triggered . | . . . . . Machines | -11 -10 -10 -9 -8 ---------- Run | Yrd Mat Min Mat Mat Machines Disabled . | . . . . . Max in Single Turn . | . . . . . Machines Repaired . | . . . . . Machines Dismantled . | . . . . . Machines Sabotaged . | . . . . . Overloaded Fab Kills . | . . . . . Hacking | -11 -10 -10 -9 -8 --------- Run | Yrd Mat Min Mat Mat Machines Accessed 1 | . 1 . . . Terminals 1 | . 1 . . . Fabricators . | . . . . . Repair Stations . | . . . . . Recycling Units . | . . . . . Scanalyzers . | . . . . . Garrison Access . | . . . . . Total Hacks 3 | . 3 . . . Successful 2 | . 2 . . . Failed 1 | . 1 . . . Catastrophic . | . . . . . Database Lockouts . | . . . . . Manual 2 | . 2 . . . Terminals 3 | . 3 . . . Fabricators . | . . . . . Repair Stations . | . . . . . Recycling Units . | . . . . . Scanalyzers . | . . . . . Garrison Access . | . . . . . Terminal Hacks 2 | . 2 . . . Record 1 | . 1 . . . Robot Analysis 1 | . 1 . . . Fabricator Hacks . | . . . . . Repair Station Hacks . | . . . . . Recycling Unit Hacks . | . . . . . Scanalyzer . | . . . . . Garrison Access Hacks . | . . . . . Unauthorized Hacks . | . . . . . Terminals . | . . . . . Fabricators . | . . . . . Repair Stations . | . . . . . Recycling Units . | . . . . . Scanalyzers . | . . . . . Garrison Access . | . . . . . Data Cores Recovered . | . . . . . Used . | . . . . . Hacking Detections . | . . . . . Full Trace Events . | . . . . . Feedback Events . | . . . . . Feedback Blocked . | . . . . . Robot Schematics Acquired . | . . . . . Robots Built . | . . . . . Authchips . | . . . . . Time . | . . . . . Total Robot Build Rating . | . . . . . Part Schematics Acquired . | . . . . . Parts Built . | . . . . . Authchips . | . . . . . Time . | . . . . . Total Part Build Rating . | . . . . . Parts Repaired . | . . . . . Time . | . . . . . Parts Recycled . | . . . . . Recycled Matter . | . . . . . Retrieved Matter . | . . . . . Retrieved Components . | . . . . . Parts Scanalyzed . | . . . . . Part Schematics Acquired . | . . . . . Parts Damaged . | . . . . . Bothacking | -11 -10 -10 -9 -8 ------------ Run | Yrd Mat Min Mat Mat Used RIF Installer . | . . . . . Robots Hacked . | . . . . . Non-combat . | . . . . . Combat . | . . . . . Robot Hacks Applied . | . . . . . Relay Couplers Released . | . . . . . Fabnet Peak Effective % . | . . . . . Robots Rewired . | . . . . . Allies Hacked . | . . . . . Hacks Repelled . | . . . . . Allies | -11 -10 -10 -9 -8 -------- Run | Yrd Mat Min Mat Mat Total Allies 1 | . . 1 . . Largest Group 1 | . . 1 1 . Highest-Rated Group 31 | . . 31 31 . Highest-Rated Ally 31 | . . 31 31 . Total Orders . | . . . . . Ally Attacks 4 | . . . 4 . Total Damage 43 | . . . 43 . Kills . | . . . . . Allies Corrupted . | . . . . . Allies Melted . | . . . . . Intel | -11 -10 -10 -9 -8 ------- Run | Yrd Mat Min Mat Mat Active Infowar (turns) 613 | 53 208 63 289 . Seismic 613 | 53 208 63 289 . Robot Analysis Total 1 | . 1 . . . Derelict Logs Recovered 1 | . . 1 . . Drone Launches . | . . . . . Drone Recoveries . | . . . . . Exploration | -11 -10 -10 -9 -8 ------------- Run | Yrd Mat Min Mat Mat Turns Passed 1008 | 135 208 63 415 187 Spaces Moved 638 | 78 161 51 223 125 Core 20 | 7 . . 6 7 Treads 5 | 5 . . . . Legs 439 | 66 161 51 161 . Wheels 174 | . . . 56 118 Hover . | . . . . . Flight . | . . . . . Fastest Speed 50 | 50 120 120 90 86 Average Speed 113 | 116 120 120 115 95 Slowest Speed 350 | 160 120 120 200 350 Overloaded Moves . | . . . . . Propulsion Burnouts . | . . . . . Robots Hopped . | . . . . . Potential Cave-ins . | . . . . . Cave-ins Triggered . | . . . . . Exploration Rate (%) 19 | 4 39 13 29 14 Regions Visited 4 Branch Regions 1 Pre-discovered Areas 1 | . . 1 . . Known Exits Taken . | . . . . . Unknown Exits Taken 4 | 1 1 1 1 . Scrap Searched . | . . . . . Spaces Dug . | . . . . . Terrain Destroyed 2 | . . . . 2 Melee . | . . . . . Projectile . | . . . . . AOE 2 | . . . . 2 Terrain Rammed . | . . . . . Walls Destroyed . | . . . . . Machines Disabled . | . . . . . Actions | -11 -10 -10 -9 -8 --------- Run | Yrd Mat Min Mat Mat Total 789 | 102 170 51 301 165 Wait 30 | . 3 . 11 16 Move 634 | 77 160 50 222 125 Hop . | . . . . . Pick Up 7 | 4 1 . 2 . Fast Attach 17 | 9 . . 3 5 Attach 5 | . . . 5 . Detach 1 | . . . 1 . Swap 7 | 1 2 . 3 1 Drop 6 | 2 1 . 2 1 Fire 73 | 9 3 1 44 16 Melee . | . . . . . Ram 5 | . . . 4 1 Kick 4 | . . . 4 . Crush . | . . . . . Escape Stasis . | . . . . . Rewire . | . . . . . Trap . | . . . . . Miscellaneous . | . . . . . Route ------- -11/Scrapyard -10/Materials (discovered 2 exits: [*Min x2]) -10/Mines -9/Materials -8/Materials History --------- Turn | Location | Event 18 | -11/Scrapyard | Discovered new exit (range 15) 136 | -11/Scrapyard | Entered Materials 137 | -10/Materials | Met a group of wandering Federalists 138 | -10/Materials | Discovered new exit (range 7) 241 | -10/Materials | Discovered new exit (range 12) 318 | -10/Materials | Build established: Mutant 344 | -10/Materials | Entered Mines 353 | -10/Mines | Escorted by a lone wolf Derelict 373 | -10/Mines | Learned location of Storage (-7) 391 | -10/Mines | Discovered new exit (range 14) 403 | -10/Mines | Learned Materials security intel 407 | -10/Mines | Entered Materials 407 | -9/Materials | Accompanied by 1 ally 407 | -9/Materials | Evolved 2 slots: Utility x2 721 | -9/Materials | Core integrity fell below 50% 739 | -9/Materials | Lost 6 parts (1p2n1u2w) 749 | -9/Materials | Core integrity fell below 20% 810 | -9/Materials | Discovered new exit (range 3) 822 | -9/Materials | Entered another Materials area 822 | -8/Materials | Evolved 2 slots: Propulsion x1, Utility x1 950 | -8/Materials | Garrison activated, responded to threat 1009 | -8/Materials | Self-destructed Last Messages --------------- 00984_ U-05 Engineer lays Concrete. 00987_ U-05 Engineer destroyed. 00988_ U-05 Engineer lays Concrete. 00991_ R-06 Scavenger collects Heat Sink. 00991_ Cld. Ion Engine destroyed. 00992_ U-05 Engineer lays Concrete. 00993_ R-06 Scavenger collects Aluminum Leg. 00993_ U-05 Engineer lays Concrete. 00995_ Lgt. Assault Rifle destroyed. 00995_ M-13 Machinist repairs G-47 Trooper. 00997_ U-05 Engineer lays Concrete. 00997_ R-06 Scavenger collects Lgt. Nuclear Core. 00997_ R-06 Scavenger collects Wheel. 00998_ R-06 Scavenger collects Structural Scanner. 00998_ U-05 Engineer lays Concrete. 00999_ Acquired Terrain Scan Processor. 01005_ U-05 Engineer lays Concrete. 01005_ Acquired 54 matter. 01006_ Material Compactor disabled. 01007_ Slammed into G-47 Trooper. Map ----- +----------------------------------------------------+ | ?????????????????????????????????????????????????? | | ?????????????????????????????????????????????????? | | ?????????????????????????????????????????????????? | | ?????????????????????????????????????????????????? | | ?????????????????????????????????????????????????? | | ?????????????????????????????????????????????????? | | ?????????????????????????????????????????????????? | | ?????????????????????????????????????????????????? | | ?????????????????????????????????????????????????? | | ?????????????????????????????????????????????????? | | ?????????????????????????????????????????????????? | | ?????????????????????????????????????????????????? | | ?????????????????????????????????????????????????? | | ?????????????????????????????????????????????????? | | ?????????????????????????????????????????????????? | | ?????????????????????????????????????????????????? | | ?????????????????????????????????????????????????? | | ?????????????????????????????????????????????????? | | ?????????????????????????????????????????????????? | | ?????????????????????????########????????????????? | | ?????????????????????????# """ ???????????????? | | ?????????????????????????# """" ??????????????? | | ???????????????????####### """"" #?????????????? | | ??????????########## # """"" #?????????????? | | ????????? mg#g """ #?????????????? | | ????????? rr ug@ #?????????????? | | ????????? m #g #?????????????? | | ????????????######## r #%r #?????????????? | | ???????????????????## %############?????????????? | | ??????########??????# # !#?????????????????? | | ??????# #??????# # #?????????????????? | | ??????# #??????# + #?????????????????? | | ####### " #??????# # "Y" #?????????????????? | | + """ #??????# # """ #?????????????????? | | ####### "" #??????# # #?????????????????? | | ??????# """ ######?# ########?????????????????? | | ??????# "" # # #????????????????????????? | | ??????# """ # # #????????????????????????? | | ??????# """ # + #????????????????????????? | | ??????# """ # # #????????????????????????? | | ??????# " # # #????????????????????????? | | ??????# # ?# ##########+??????????????? | | ??????# #####??# ????????????? | | #+########+########## ????????????? | | ????????????? | | ############?????????????? | | #### #### """ #????????????????????????? | | ????????#"" """ !#????????????????????????? | | ????????#"T """ #????????????????????????? | | ????????#"" ???????????????????????? | +----------------------------------------------------+ Best States ------------- Heat Dissipation 31 Energy Generation 14 Energy Capacity 280 Matter Stores 300 Matter Capacity 300 Sight Range 16 Terrain Scan Density 85 Armor Coverage 150 Evasion (%) 55 Recoil Reduction 2 Offensive Hacking 20 Item Schematics ----------------- None Robot Schematics ------------------ None Fabricated ------------ Nothing Repaired ---------- Nothing Alien Tech Used ----------------- None Achievements -------------- None Challenges ------------ None Game ------ Seed VoltaicReflexArachnoskeleton Manual? 0 Play Time 00:10:34 Cumulative 81.9 hours Start 2025.05.06 @ 15:44:09 End 2025.05.06 @ 15:56:26 Sessions 1 Manual Loads 0 Difficulty Rogue Special Mode None Game No. 211 Rogue 211 Adventurer 0 Explorer 0 Win Type - Total 2 Types 2/0/0/0/0/0/0/0/0/0 Lore% 34 Gallery% 44 Achievement% 35 Wizard Run 0 Options --------- Layout 0 ASCII 0 Keyboard 0 Movement Numpad Keybinds 0 Fullscreen 2 Font 18/Terminus Map View 76x50 Zoom Use 0% Tactical HUD 1 Map Filters NONE Filters NONE Steam 1 RUN: 6726166d-4c0a-4463-9a21-a1202148d9c4